cohdb
Replays
Latest Replays
All Replays
Popular Replays
Top Player Replays
Match Explorer
How It Works
Community
CoH3 Stats
Reddit
Sign in to upload your games and track your stats! →
Sign in with Steam
Match 43188983
Unlisted
Match 43188983
Overview
Messages
Build Orders
End
Kradschützen Motorcycle Team
Selects Armored Support Battlegroup
Panzergrenadier Squad
Panzergrenadier Squad
250 Light Carrier
Construct Light Support Kompanie
Selects Superior Fire Drills
Combat Half-tracks
Fire Support Elements
Vehicle Survival Package
Selects Salvage Kits
2.5-tonne Medical Truck
Assault Mechanized Group
Veteran Squad Leaders
Construct Panzerarmee Kommand
Emergency Repair Kits
Panzer III L Medium Tank
Selects Flammpanzer III Medium Tank
Panzerjäger Mechanized Group
Panzer III L Medium Tank
Tungsten Core Ammunition
Selects Command Panzer IV F Medium Tank
Selects Panzer Storm
Panzer III L Medium Tank
Rapid Advance
Armored Reserves
Panzer IV Assault Group
Panzerjäger Squad
Kradschützen Motorcycle Team
Selects Stuka Anti-tank Loiter
Panzer III Assault Group
Stuka Anti-tank Loiter
Panzer III L Medium Tank
Stuka Anti-tank Loiter
StuG Assault Group
Cooter McGavin
Onoyk
0
0
Comments
sign in to comment!
No comments posted yet!